 Dungeon Crawl Stone Soup version 0.23-a0-402-g64599a1 (webtiles) character file.

98 Gildeon the Conjurer (level 4, -1/24 HPs)
             Began as a Deep Elf Conjurer on Nov 4, 2018.
             Slain by an ice beast (11 damage)
             ... on level 3 of the Dungeon.
             The game lasted 00:10:54 (1795 turns).

Gildeon the Conjurer (Deep Elf Conjurer)            Turns: 1795, Time: 00:10:54

Health: -1/24      AC:  2    Str:  5    XL:     4   Next: 44%
Magic:  1/12       EV: 14    Int: 21    God:
Gold:   78         SH:  0    Dex: 15    Spells: 1/11 levels left

rFire    . . .     SeeInvis .   g - +2 dagger
rCold    . . .     Gourm    .   (no shield)
rNeg     . . .     Faith    .   a - +0 robe
rPois    .         Spirit   .   (no helmet)
rElec    .         Reflect  .   (no cloak)
rCorr    +         Harm     .   (no gloves)
MR       .....                  (no boots)
Stlth    +++.......             (no amulet)
HPRegen  0.08/turn              d - ring of resist corrosion
MPRegen  0.13/turn              (no ring)

@: no status effects
A: no striking features
a: no special abilities


You were on level 3 of the Dungeon.
You were not hungry.

You visited 1 branch of the dungeon, and saw 3 of its levels.

You collected 78 gold pieces.

Inventory:

Hand Weapons
 g - a +2 dagger (weapon)
Missiles
 l - 18 poisoned needles
Armour
 a - a +0 robe (worn)
Jewellery
 d - a ring of resist corrosion (left hand)
Scrolls
 b - 3 scrolls of remove curse
Potions
 e - a potion of might {unknown}
 f - a potion of heal wounds {unknown}
 h - a potion of agility {unknown}
 i - a potion of cancellation {unknown}
 j - 4 potions of lignification {unknown}
 m - a potion of brilliance {unknown}
 n - 2 potions of curing {unknown}
 o - a potion of resistance {unknown}
Comestibles
 c - 6 rations
 k - 6 chunks of flesh


   Skills:
 + Level 0.6 Short Blades
 + Level 3.4 Dodging
 + Level 3.7 Stealth
 + Level 4.0 Spellcasting
 + Level 4.9 Conjurations


You had one spell level left.
You knew the following spells:

 Your Spells              Type           Power        Failure   Level  Hunger
a - Magic Dart            Conj           ####         1%          1    None
b - Searing Ray           Conj           ####..       2%          2    #......
c - Dazzling Spray        Conj/Hex       ##....       13%         3    ###....
d - Iskenderun's Mystic   Conj           ####....     16%         4    ####...

Your spell library contained the following spells:

 Spells                   Type           Power        Failure   Level  Hunger
 Force Lance              Conj/Tloc      ##......     38%         4    ####...
 Fulminant Prism          Conj/Hex       ##........   38%         4    ####...


Dungeon Overview and Level Annotations

Branches:
Dungeon (3/15)

Altars:
Kikubaaqudgha


Message History

The searing ray hits the ice beast.
The ice beast is lightly wounded. (Press . to maintain the ray.)
The searing ray hits the ice beast.
The ice beast is lightly wounded.
The searing ray misses the ice beast.
The searing ray hits the ice beast.
The ice beast is heavily wounded.
You finish channeling your searing ray.
The ice beast hits you. The ice beast freezes you!
Casting: Searing Ray (safe; 2% risk of failure)
Confirm with . or Enter, or press ? or * to list all spells.
Aiming: Searing Ray (safe; 2% risk of failure)
Press: ? - help, Shift-Dir - straight line, f/p - ice beast
Aim: an ice beast (heavily wounded)
The searing ray misses the ice beast. (Press . to maintain the ray.)
The ice beast hits you but does no damage.
The ice beast hits you. The ice beast freezes you!
You die...

#.?...........†.........*
#.......###...##..####.,*
#.......###..**#.## **,,*
##.......##.$#* #.# *,,,*
##..........%.####.#
#.#.***##
##.............##...#
#.#.*#...
#......>.......##.###
#.#.*#...
#..............#Y.###
#.#.*#...
#..............@....##
#.#.##...
#..............#.##..#
#.#......
#..............#.###.#
#.##.....
##...............#
#.###........
##..............#
#.>.#.###.)÷.
#######.###..#.#####.#.#
#.... #.#
#.###..#...###.#.# #.÷##
#.# #..##..###.#...).#
##..# #.# ##.##..#
#.......## ##.#


You could see an ice beast.

Vanquished Creatures
  5 adders
  3 dart slugs (D:1)
  A leopard gecko (D:2)
  A ball python (D:1)
  2 bat zombies (D:3)
  2 giant cockroaches (D:1)
  6 goblins
  3 hobgoblins
  4 jackals (D:1)
  A quokka (D:3)
  5 bats
  2 frilled lizards
  4 kobolds
  6 rats
  2 rat zombies (D:3)
47 creatures vanquished.

Notes
Turn   | Place    | Note
-------+----------+-------------------------------------------
     0 | D:1      | Gildeon the Deep Elf Conjurer began the quest for the Orb.
     0 | D:1      | Reached XP level 1. HP: 10/10 MP: 6/6
   222 | D:1      | Reached XP level 2. HP: 15/15 MP: 4/8
   226 | D:1      | Learned a level 2 spell: Searing Ray
   522 | D:1      | Reached XP level 3. HP: 18/19 MP: 10/10
   527 | D:1      | Learned a level 3 spell: Dazzling Spray
   846 | D:2      | Reached XP level 4. HP: 24/24 MP: 3/11
   856 | D:2      | Learned a level 4 spell: Iskenderun's Mystic Blast
  1488 | D:3      | Noticed an ice beast
  1658 | D:3      | Found an ancient bone altar of Kikubaaqudgha.
  1795 | D:3      | Slain by an ice beast

Vault maps used:
D:1:      lemuel_arrival_broad_hall
D:2:      nicolae_overflow_hidden_temple
D:3:      bloody_makhleb, lemuel_zombie_altar_kikubaaqudgha

Skill      XL: |  1  2  3  4 |
---------------+-------------+-----
Stealth        | 3 |  3.7
Dodging        | 3 |  3.4
Spellcasting   | 4 |  4.0
Short Blades   | |  0.6
Conjurations   | |  4.9

Action                   |  1- 3 |  4- 6 || total
-------------------------+-------+-------++-------
Melee: Dagger            |    13 |    10 ||    23
 Cast: Magic Dart        |    50 |    30 ||    80
       Searing Ray       |       |     2 ||     2
  Use: Scroll            |     4 |     2 ||     6
 Stab: Sleeping          |     2 |     3 ||     5
  Eat: Ration            |       |     1 ||     1
       Chunk             |       |     1 ||     1
Armor: Robe              |    13 |     6 ||    19
Dodge: Dodged            |    36 |    15 ||    51

Table legend:
 A = Non-vault XP
 B = Vault XP
 C = Vault XP percentage of total XP
 D = Non-vault monster count
 E = Vault monster count
 F = Vault count percentage of total count
                 A         B        C        D         E       F
            +---------+---------+-------+---------+---------+-------
      Total |     135 |       6 |   4.3 |      43 |       4 |   8.5
            +---------+---------+-------+---------+---------+-------
        D:1 |      45 |       0 |   0.0 |      23 |       0 |   0.0
        D:2 |      67 |       0 |   0.0 |      14 |       0 |   0.0
        D:3 |      23 |       6 |  20.7 |       6 |       4 |  40.0
            +---------+---------+-------+---------+---------+-------
